AoeStats
← NeessQuiick

Arena

510262990Analyzed
4v4 RM · 23h ago on Sep 30, 2026· 19m 29s· 8 players
Game mode
Random Map
Map size
Large (8 player)
Population
200
Speed
Normal
Resources
Standard
Victory
Conquest
Starting age
Dark Age
Ending age
Imperial Age
RankedLock teamsTeams togetherTeam positionsShared explorationLock speedFull tech treeHidden civsTurbo modeCheats
Victory
Defeat
🇨🇦 Aztecs · Canada
1005
+17
🇨🇦 Cumans · Canada
942
+19
🇨🇦 Chinese · Canada
925
+20
🇨🇦 Saxons · Canada
891
+21
🇲🇽 Mongols · Mexico
1056
-20
🇨🇳 Franks · China
1050
-21
🇦🇺 Britons · Australia
1000
-19
🇧🇪 Khmer · Belgium
967
-17
NeessQuiick
9:51 Feudal Age
15:42 Castle Age
13:34 Double-Bit Axe
13:34 Horse Collar
14:00 Stone Mining
18:46 Loom
Angry Womble
0:29 Loom
11:22 Feudal Age
15:15 Castle Age
13:36 Stone Mining
13:34 Double-Bit Axe
14:05 Horse Collar
lodecesky
2:49 Loom
9:53 Feudal Age
10:52 Double-Bit Axe
14:46 Castle Age
13:39 Horse Collar
aaa916_
6:39 Loom
9:43 Feudal Age
15:53 Castle Age
13:46 Double-Bit Axe
16:16 Gold Mining
18:08 Husbandry
Mr. Excel
10:08 Feudal Age
10:30 Man-at-Arms
18:36 Loom
Mephistopheles
8:26 Loom
12:58 Feudal Age
17:24 Castle Age
18:10 Light Cavalry
Sleve McDichael
0:29 Loom
12:01 Feudal Age
18:22 Castle Age
16:21 Double-Bit Axe
17:19 Gold Mining
18:55 Forging
20:13 Wheelbarrow
Bobson Dugnutt
10:45 Feudal Age
14:58 Castle Age
13:06 Double-Bit Axe
14:15 Loom
15:00 Horse Collar
17:06 Squires
Connection lost

Rejoining the realm…

Still unreachable

The connection could not be restored.

Session expired

The server has moved on; the page needs a fresh start.